 Dungeon Crawl Stone Soup version 0.28-a0-823-gb444dcf96d (webtiles) character file.

Game seed: 3702605425356525874

5 meatgazer the Skirmisher (level 1, 0/18 HPs)
             Began as a Demonspawn Abyssal Knight on Nov 9, 2021.
             Was a Follower of Lugonu.
             Slain by a freezing wraith (2 damage)
             ... on level 2 of the Abyss.
             The game lasted 00:00:42 (283 turns).

meatgazer the Skirmisher (Demonspawn Abyssal Knight) Turns: 283, Time: 00:00:43

Health: 0/18       AC:  3    Str: 13    XL:     1   Next: 66%
Magic:  2/2        EV: 11    Int: 11    God:    Lugonu [*.....]
Gold:   65         SH:  0    Dex: 13    Spells: 0/0 levels left

rFire   . . .      SeeInvis .   a - +1 hand axe
rCold   . . .      Faith    .   (no shield)
rNeg    . . .      Spirit   .   b - +0 leather armour
rPois   .          Reflect  .   (no helmet)
rElec   .          Harm     .   (no cloak)
rCorr   .          Rampage  .   (no gloves)
Will    .....                   (no boots)
Stlth   +.........              (no amulet)
HPRegen 0.06/turn               (no ring)
MPRegen 0.08/turn               (no ring)

@: no status effects
A: no striking features
a: Renounce Religion, Depart the Abyss


You were on level 2 of the Abyss.
You worshipped Lugonu.
Lugonu was aware of your devotion.
You visited 0 branches of the dungeon, and saw 0 of its levels.
You visited the Abyss 1 time.

You collected 65 gold pieces.

Inventory:

Hand Weapons
 a - a +1 hand axe (weapon)
 c - a +0 demon blade of venom
Armour
 b - a +0 leather armour (worn)
 d - a +0 buckler


   Skills:
 + Level 3.2 Fighting
 + Level 1.8 Axes
 + Level 1.8 Armour
 + Level 0.8 Dodging
 + Level 2.5 Invocations


You couldn't memorise any spells.
You didn't know any spells.
Your spell library contained the following spells:

 Spells                   Type           Power      Damage    Failure   Level
 Animate Armour           Summ/Erth      0%         N/A       99%         4
 Blade Hands              Tmut           0%         N/A       100%        5
 Iron Shot                Conj/Erth      0%         9d1       100%        6


Dungeon Overview and Level Annotations

Branches:
Dungeon (0/15)

Altars:


Message History

Found a gateway leading out of the Abyss.
A starspawn tentacle comes into view.
The starspawn tentacle grabs you. The starspawn tentacle constricts you.
You escape the starspawn tentacle's grasp.
A large abomination comes into view.
You are suddenly pulled into a different region of the Abyss!
Found a leather armour.
You see here a +0 leather armour.
Found a gateway leading deeper into the Abyss.
There is a gateway leading deeper into the Abyss here.
You plunge deeper into the Abyss.
Found 23 bolts and a leather armour.
You see here 23 bolts.
Found 20 stones.
You see here 20 stones.
Found a flail.
Found 16 sling bullets.
You now have 65 gold pieces.
A freezing wraith comes into view.
A smoke demon comes into view.
There are monsters nearby!
You barely miss the freezing wraith. The freezing wraith hits you!
Ouch! That really hurt!
The freezing wraith freezes you!
* * * LOW HITPOINT WARNING * * *
The freezing wraith closely misses you.
You are too injured to fight recklessly!
You are too injured to fight recklessly!
You are too injured to fight recklessly!
You are too injured to fight recklessly!
You are too injured to fight recklessly!
You are too injured to fight recklessly!
You are too injured to fight recklessly!
You are too injured to fight recklessly!
You are too injured to fight recklessly!
You are too injured to fight recklessly!
A freezing wraith is nearby!
You hit the freezing wraith.
The freezing wraith is lightly damaged.
The freezing wraith hits you.
You die...

.# .. ## . #.##
.# #..### #.#
##...##.
#.#..#.##
...#...#
#..#.#@##
##.#.##W# .##.#
..# #.#.. ## .##
.. #.... # ..
#.##.##..# .. .(
.#..# ###
##......###.# #
#.....##.#......


You could see a freezing wraith.

Vanquished Creatures
  An ufetubus (Abyss:1)
1 creature vanquished.

Vanquished Creatures (others)
  2 starspawn tentacles (Abyss:1)
2 creatures vanquished.

Grand Total: 3 creatures vanquished

Notes
Turn   | Place    | Note
-------+----------+-------------------------------------------
     0 | Abyss:1  | meatgazer the Demonspawn Abyssal Knight began the quest for
                  | the Orb.
     0 | Abyss:1  | Reached XP level 1. HP: 18/18 MP: 2/2
    95 | Abyss:1  | Noticed an iron dragon skeleton
    96 | Abyss:1  | Identified a scroll of acquirement
    96 | Abyss:1  | Acquired a +0 demon blade of venom
   125 | Abyss:1  | Noticed a tentacled starspawn
   129 | Abyss:1  | Noticed a large abomination
   279 | Abyss:2  | Noticed a freezing wraith
   279 | Abyss:2  | Noticed a smoke demon
   283 | Abyss:2  | Slain by a freezing wraith

Illustrated notes

Levels and vault maps discovered:
Abyss:2:  base: Temple, hangedman_abyss_sting

Action                   || total
-------------------------++-------
Melee: Hand axe          ||     3
  Use: Scroll            ||     1
Dodge: Dodged            ||     2

Table legend: (Time is in decaauts)
 A = Elapsed time spent in this place.
 B = Non-inter-level travel time spent in this place.
 C = Inter-level travel time spent in this place.
 D = Time resting spent in this place.
 E = Time spent auto-exploring this place.
 F = Levels seen in this place.
 G = Mean time per level.
                   A        B        C        D        E       F      G
               +--------+--------+--------+--------+--------+-----+--------+
         Total |    283 |    283 |      0 |      0 |    222 |   2 |  141.5 |
         Abyss |    283 |    283 |      0 |      0 |    222 |   2 |  141.5 |
               +--------+--------+--------+--------+--------+-----+--------+

Top non-repeatable levels by time:
 Abyss:1: 249 daAuts
 Abyss:2: 33 daAuts
